 Dungeon Crawl Stone Soup version 0.21-a0-94-gdd6ab6a (webtiles) character file.

24 Lavandula the Vexing (level 2, -1/21 HPs)
             Began as a Mummy Arcane Marksman on July 2, 2017.
             Slain by an adder (2 damage)
             ... on level 2 of the Dungeon.
             The game lasted 00:03:24 (546 turns).

Lavandula the Vexing (Mummy Arcane Marksman)         Turns: 546, Time: 00:03:25

Health: -1/21      AC:  2    Str: 13    XL:     2   Next: 79%
Magic:  4/4        EV: 12    Int: 12    God:
Gold:   29         SH:  0    Dex: 12    Spells: 2/3 levels left

rFire    x . .     SeeInvis .   a - +0 hand crossbow
rCold    + . .     Gourm    .   (no shield)
rNeg     + + +     Faith    .   e - +0 robe
rPois    ∞         Spirit   .   (no helmet)
rElec    .         Reflect  .   (no cloak)
rCorr    .         Harm     .   (no gloves)
MR       .....                  (no boots)
Stlth    +.........             (no amulet)
HPRegen  0.07/turn              (no ring)
MPRegen  0.09/turn              (no ring)

@: no status effects
A: no food or potions, fire vulnerability, cold resistance 1, negative energy
resistance 3, torment resistance, unbreathing
a: no special abilities


You were on level 2 of the Dungeon.
You were not hungry.

You visited 1 branch of the dungeon, and saw 3 of its levels.

You collected 29 gold pieces.

Inventory:

Hand Weapons
 a - a +0 hand crossbow (weapon)
 f - a +0 dagger
Missiles
 d - 5 bolts (quivered)
Armour
 e - a +0 robe (worn)
Scrolls
 b - 2 scrolls of teleportation {unknown}
 g - a scroll of amnesia {unknown}
Books
 c - a book of Debilitation

   Spells                             Type                      Level
   a - Corona                         Hexes                        1
   b - Slow                           Hexes                        2
   c - Inner Flame                    Hexes/Fire                   3
   d - Portal Projectile              Hexes/Translocation          3
   e - Cause Fear                     Hexes                        4
   f - Leda's Liquefaction            Hexes/Earth                  4


   Skills:
 - Level 1.0 Fighting
 + Level 2.4 Crossbows
 - Level 1.6 Dodging
 - Level 1.3 Spellcasting
 - Level 3.0 Hexes


You had 2 spell levels left.
You knew the following spells:

 Your Spells              Type           Power        Failure   Level  Hunger
a - Corona                Hex            #......      9%          1    N/A

Dungeon Overview and Level Annotations

Branches:
Dungeon (3/15)

Altars:


Innate Abilities, Weirdness & Mutations

You do not eat or drink.
Your flesh is vulnerable to fire.
You are immune to poison.
Your flesh is cold resistant. (rC+)
You are immune to negative energy. (rN+++)
You are immune to unholy pain and torment.
You can survive without breathing.


Message History

Aim: an adder You shoot a bolt.
The bolt closely misses the adder.
The bolt hits the kobold.
The kobold is heavily wounded.
The adder closely misses you. The adder misses you.
Firing (i - inventory):
d - 7 bolts (quivered)
Press: ? - help, Shift-Dir - straight line, f/p - adder
Aim: an adder You shoot a bolt.
The bolt hits the adder!
The adder is severely wounded.
The adder bites you.
* * * LOW HITPOINT WARNING * * *
The adder misses you.
Firing (i - inventory):
d - 6 bolts (quivered)
Press: ? - help, Shift-Dir - straight line, f/p - adder
Aim: an adder (severely wounded)
You shoot a bolt.
The bolt hits the adder but does no damage.
The adder is severely wounded.
The adder bites you.
You die...

# #.# ####..## ####.###
#....# †....... #.#..#
.#######.# #.#..# .#
#.# #.#..# .# #.#
#.#..# .# #.#
#.#..###### .# #.#
##.#.......#
.#######.###..##@####.#
..>......##.#.##S#
#######....###.gK#
##%##g#.##(#
#.###.##.#.# # # #.#
#...###..#.# #.# ##g##
#.S. ..# ##.###......
### ##.#.# ....


You could see an adder, a hobgoblin and a kobold.

Vanquished Creatures
  An ooze (D:2)
  2 leopard geckos
  An orc (D:2)
  A goblin (D:3)
  A hobgoblin (D:2)
  3 kobolds (D:1)
  2 quokkas
  A bat (D:2)
  A frilled lizard (D:2)
  5 rats
18 creatures vanquished.

Notes
Turn   | Place    | Note
-------+----------+-------------------------------------------
     0 | D:1      | Lavandula the Mummy Arcane Marksman began the quest for the Orb.
     0 | D:1      | Reached XP level 1. HP: 15/15 MP: 2/2
    85 | D:1      | Reached skill level 3 in Hexes
   208 | D:2      | Reached XP level 2. HP: 15/21 MP: 2/4
   545 | D:2      | HP: 1/21 [adder (1)]
   546 | D:2      | Slain by an adder

Vault maps used:
D:1:      dpeg_arrival_rhombi, minivault_25
D:2:      okawaru_altar_gauntlet_db, lemuel_coloured_pillars_altar, first_bread
D:3:      overflow_temple_1_default, hangedman_decor_slide_cut

Skill      XL: |  1  2 |
---------------+-------+-----
Hexes          | 3 |  3.0
Crossbows      | 2 |  2.4
Fighting       | |  1.0
Dodging        | |  1.6
Spellcasting   | |  1.3

Action                   || total
-------------------------++-------
Melee: Dagger            ||     9
 Fire: Hand crossbow     ||    34
 Cast: Corona            ||     8
Armor: Robe              ||     6
Dodge: Dodged            ||    31
